 Dungeon Crawl Stone Soup version 0.31-a0-344-gd109795599 (webtiles) character file.

Game seed: 15785759629564503264

228 Newt the Cudgeller (level 5, -1/42 HPs)
             Began as a Demonspawn Gladiator on July 21, 2023.
             Succumbed to a kobold's poison
             ... on level 3 of the Dungeon.
             The game lasted 00:03:41 (3317 turns).

Newt the Cudgeller (Demonspawn Gladiator)           Turns: 3317, Time: 00:03:42

Health: -1/42      AC:  4    Str: 14 (17) XL:     5   Next: 70%
Magic:  5/5        EV: 12    Int:  7 (9)  God:
Gold:   95         SH:  0    Dex: 15 (16) Spells: 4/4 levels left

rFire   . . .        a - +0 rapier (protect)
rCold   . . .        (no shield)
rNeg    + . .        h - +0 leather armour of a Gauntlet {Dex+2}
rPois   .            c - +0 helmet
rElec   .            (no cloak)
rCorr   .            (no gloves)
SInv    .            (no boots)
Will    .....        (no amulet)
Stlth   +            g - ring of flight
HPRegen 0.27/turn    q - ring of positive energy
MPRegen 0.09/turn

%: no passive effects
@: mighty, lethally poisoned (-1 -> -9), flying, studying Maces & Flails
A: claws 1, foul stench 1
a: no special abilities


You were on level 3 of the Dungeon.
You visited 1 branch of the dungeon, and saw 3 of its levels.

You collected 95 gold pieces.

Inventory:

Hand Weapons
 a - a +0 rapier of protection (weapon)
Missiles
 e - 3 javelins
 i - 5 atropa-tipped darts
Armour
 b - a +0 leather armour
 c - a +0 helmet (worn)
 h - the +0 leather armour of a Gauntlet (worn) {Dex+2}
   (You found it on level 2 of the Dungeon)

   Dex:       It affects your dexterity (+2).
Jewellery
 g - a ring of flight (left claw)
 q - a ring of positive energy (right claw)
Scrolls
 j - a scroll of blinking {unknown}
 l - a scroll of poison {unknown}
 m - a scroll of brand weapon
 n - a scroll of teleportation
Potions
 k - a potion of might
 p - a potion of magic


   Skills:
 - Level 4.0 Fighting
 - Level 2.6 Short Blades
 + Level 5.8 Maces & Flails
 - Level 1.7 Throwing
 - Level 2.6 Dodging


You had 4 spell levels left.
You didn't know any spells.
Your spell library contained the following spells:

 Spells                   Type           Power      Damage    Failure   Level
 Frozen Ramparts          Ice            0%         1d1       87%         3
 Petrify                  Tmut/Erth      0%         N/A       99%         4
 Metabolic Englaciation   Hex/Ice        0%         N/A       100%        5


Dungeon Overview and Level Annotations

Branches:
Dungeon (3/15)

Altars:
Okawaru
Qazlal
Ru

Shops:
D:1 (

Annotations:
D:3 superbruh's ghost, amateur MfSh


Innate Abilities, Weirdness & Mutations

You have sharp fingernails.
You may rarely emit foul miasma when damaged in melee.


Message History

You writhe in agony.
* * * LOW HITPOINT WARNING * * *
Unknown command.
You feel better.
The kobold struggles against the net.
The net rips apart, and the kobold comes free!
The kobold brigand hits you with a +1 whip of pain.
* * * LOW HITPOINT WARNING * * *
You puncture the kobold brigand!
You kill the kobold brigand!
Your Maces & Flails skill increases to level 5!
You closely miss the kobold. The kobold closely misses you.
The kobold misses you.
You puncture the kobold!
You kill the kobold!
You completely miss the kobold. The kobold hits you with a +0 dagger.
* * * LOW HITPOINT WARNING * * *
You puncture the kobold!
You kill the kobold!
The kobold attacks as you move away! The kobold closely misses you.
The kobold attacks as you move away!
The kobold hits you with a +0 short sword.
* * * LOW HITPOINT WARNING * * *
The kobold attacks as you move away! The kobold hits you but does no damage.
The kobold throws a poisoned dart.
The poisoned dart hits you!
You are poisoned.
* * * LOW HITPOINT WARNING * * *
You feel very sick.
The kobold throws a poisoned dart.
The poisoned dart closely misses you.
* * * LOW HITPOINT WARNING * * *
You feel sick.
The kobold throws a poisoned dart.
The poisoned dart hits you!
You are lethally poisoned!
* * * LOW HITPOINT WARNING * * *
You feel very sick.
It was a potion of magic.
Magic courses through your body.
* * * LOW HITPOINT WARNING * * *
You feel very sick.
It was a potion of degeneration.
There was something very wrong with that liquid.
You feel weakened.
You feel dopey.
You feel clumsy.
You die...

####......).............# #
#.............#.####.# #
#.............#.# #.# #
#.............#.####.#
####.............+......##
#..#.............#.......#
##.............>.........#
.#.#####..#####....◎.....#
.'.##(KW.##..KW.@.<......#
.'....###....K#######'.###
.'..### #....#...#...#.#
.#..# #....#...#...#.# ##.##
####[#..)....### #..#
######.###)_.### ###
#..####...##.#.......#####.#
..........##.#...#...#.....#
.............#...#...#.....#


You could see superbruh's ghost and 2 kobolds.

Vanquished Creatures
  A kobold brigand (D:3)
  An orc wizard (D:3)
  3 adders (D:3)
  3 worms
  2 dart slugs
  2 orcs (D:3)
  9 ball pythons
  6 bats
  12 endoplasms
  6 giant cockroaches
  8 goblins
  8 hobgoblins
  9 kobolds
  6 quokkas
  4 frilled lizards
  7 rats
87 creatures vanquished.

Notes
Turn   | Place    | Note
-------+----------+-------------------------------------------
     0 | D:1      | Newt the Demonspawn Gladiator began the quest for the Orb.
     0 | D:1      | Reached XP level 1. HP: 16/16 MP: 1/1
   152 | D:1      | Gained mutation: You may rarely emit foul miasma when
                  | damaged in melee. [demonic ancestry]
   152 | D:1      | Reached XP level 2. HP: 11/23 MP: 2/2
   208 | D:1      | Found Vicint's Antique Weapon Boutique.
   734 | D:1      | Gained mutation: You have sharp fingernails. [demonic
                  | ancestry]
   734 | D:1      | Reached XP level 3. HP: 29/29 MP: 3/3
   851 | D:2      | Identified a scroll of acquirement
   851 | D:2      | Acquired a manual of Maces & Flails
  1428 | D:2      | Identified the +0 leather armour of a Gauntlet {Dex+2}
  1523 | D:2      | Reached skill level 1 in Maces & Flails
  1815 | D:2      | Found a stormy altar of Qazlal.
  2121 | D:3      | Found a runed translucent gate.
  2121 | D:3      | Found a runed translucent gate.
  2131 | D:3      | Found a sacrificial altar of Ru.
  2147 | D:3      | Reached skill level 2 in Maces & Flails
  2147 | D:3      | Reached XP level 4. HP: 30/37 MP: 4/4
  2149 | D:3      | Reached skill level 3 in Maces & Flails
  2197 | D:3      | Noticed a kobold brigand
  2199 | D:3      | Found a runed translucent gate.
  2199 | D:3      | Noticed superbruh's ghost (amateur MfSh)
  2371 | D:3      | Found an iron altar of Okawaru.
  2745 | D:3      | Reached skill level 4 in Maces & Flails
  2970 | D:3      | Reached XP level 5. HP: 42/42 MP: 5/5
  3303 | D:3      | Reached skill level 5 in Maces & Flails
  3316 | D:3      | HP: 1/42 [poisoned by a kobold]
  3317 | D:3      | Succumbed to a kobold's poison

Illustrated notes

Levels and vault maps discovered:
D:1:      onia_arrival_mini_spirals, layout_basic, serial_shops, shop,
          corexii_leaking_fountain, minmay_misc_feat_cross
D:2:      minmay_alternating_diamond, layout_basic, basic_altar
D:3:      minmay_razor_zed, layout_basic, okawaru_metal_pillars_3,
          nicolae_ru_great_annihilating_truth, gammafunk_ghost_nasty_kobolds,
          minmay_puff

Skill      XL: |  1  2  3  4  5 |
---------------+----------------+-----
Fighting       | 3 4 |  4.0
Maces & Flails | 2 4 5 |  5.8
Short Blades   | |  2.6
Throwing       | |  1.7
Dodging        | |  2.6

Action                     |  1- 3 |  4- 6 || total
---------------------------+-------+-------++-------
  Melee: Rapier            |   181 |   111 ||   292
         Punch             |     2 |     2 ||     4
  Throw: Throwing net      |     1 |     3 ||     4
    Use: Scroll            |     4 |       ||     4
         Potion            |       |     4 ||     4
   Stab: Sleeping          |     4 |     1 ||     5
         Held in net/web   |     1 |       ||     1
 Armour: Leather armour    |    53 |    56 ||   109
  Dodge: Dodged            |   107 |    73 ||   180

Table legend: (Time is in decaauts)
 A = Elapsed time spent in this place.
 B = Non-inter-level travel time spent in this place.
 C = Inter-level travel time spent in this place.
 D = Time resting spent in this place.
 E = Time spent auto-exploring this place.
 F = Levels seen in this place.
 G = Mean time per level.
                   A        B        C        D        E       F      G
               +--------+--------+--------+--------+--------+-----+--------+
         Total |   3337 |   3169 |    168 |    294 |   2200 |   3 | 1112.3 |
       Dungeon |   3337 |   3169 |    168 |    294 |   2200 |   3 | 1112.3 |
               +--------+--------+--------+--------+--------+-----+--------+

Top non-repeatable levels by time:
     D:3: 1266 daAuts
     D:2: 1254 daAuts
     D:1: 816 daAuts
